 Dungeon Crawl Stone Soup version 0.28.0 (webtiles) character file.

Game seed: 6306930672469251842

124 Jaqob the Skirmisher (level 5, -6/47 HPs)
             Began as a Hill Orc Cinder Acolyte on Feb 15, 2022.
             Was a Priest of Ignis.
             Mangled by a worm (10 damage)
             ... in a sewer.
             The game lasted 00:07:05 (2595 turns).

Jaqob the Skirmisher (Hill Orc Cinder Acolyte)      Turns: 2595, Time: 00:07:05

Health: -6/47      AC:  3    Str: 17    XL:     5   Next: 8%
Magic:  7/7        EV: 11    Int: 16    God:    Ignis [***...]
Gold:   66         SH:  0    Dex:  6    Spells: 7/7 levels left

rFire   + . .      SeeInvis .   a - -1 spear (flame)
rCold   . . .      Faith    .   (no shield)
rNeg    . . .      Spirit   .   b - +1 robe
rPois   .          Reflect  .   (no helmet)
rElec   .          Harm     .   (no cloak)
rCorr   .          Rampage  .   (no gloves)
Will    .....                   (no boots)
Stlth   +.........              (no amulet)
HPRegen 0.15/turn               (no ring)
MPRegen 0.10/turn               (no ring)

@: very slow
A: no striking features
a: Renounce Religion, Fiery Armour, Foxfire Swarm, Rising Flame


You were in a sewer.
You worshipped Ignis.
Ignis was most pleased with you.
You visited 1 branch of the dungeon, and saw 3 of its levels.
You also visited: Sewer.

You collected 66 gold pieces.

Inventory:

Hand Weapons
 a - a -1 spear of flaming (weapon)
 d - a +0 trident
Armour
 b - a +1 robe (worn)
Scrolls
 c - 2 scrolls of blinking
 f - 2 scrolls of teleportation
 h - a scroll of immolation


   Skills:
 + Level 4.6 Fighting
 + Level 4.2 Polearms
 + Level 1.9 Spellcasting
 + Level 4.1 Fire Magic


You had 7 spell levels left.
You didn't know any spells.
Your spell library contained the following spells:

 Spells                   Type           Power      Damage    Failure   Level
 Scorch                   Fire           28%        2d6       6%          2


Dungeon Overview and Level Annotations

Branches:
Dungeon (3/15)              Sewer (1/1)

Altars:


Message History

The foxfire hits the giant cockroach but does no damage.
The giant cockroach is severely wounded.
The foxfire hits the jackal.
The jackal is severely wounded.
The foxfire hits the jackal.
You kill the jackal!
The foxfire hits the giant cockroach but does no damage.
The giant cockroach is severely wounded.
The giant cockroach is engulfed in a cloud of scalding steam.
You kill the giant cockroach!
You have reached level 5!
You feel stronger.
You feel sick.
You are no longer poisoned.
The foxfire hits the adder.
The adder is heavily wounded.
The adder is engulfed in a cloud of scalding steam.
You kill the adder!
Found 2 scrolls of identify.
You see here an adder corpse.
Found 2 scrolls of identify.
The worm bites you!
Your unstable footing causes you to fumble your attack.
The worm bites you.
You barely miss the worm. You hit the worm but do no damage.
The worm bites you!
* * * LOW HITPOINT WARNING * * *
Your unstable footing causes you to fumble your attack.
Your unstable footing causes you to fumble your attack.
The worm barely misses you.
You hit the worm. You burn the worm.
The worm is lightly wounded.
You hit the worm but do no damage.
The worm is lightly wounded.
The worm bites you!
* * * LOW HITPOINT WARNING * * *
Your unstable footing causes you to fumble your attack.
You hit the worm. You burn the worm.
The worm is moderately wounded.
The worm bites you!
You die...

##### ##..?## #∩..##
#?...?# ##....##
#.≈...? #∩.....# ≈≈...
#......# #.... ##.....#
#.≈≈# #....## #≈≈w#
##..## #≈≈@# #..##
#≈≈†# #...# #≈≈≈#
##..## #≈≈≈# #.†≈# #
#≈≈≈# ###.≈.#
#≈≈≈##≈≈†###.#≈≈.###≈≈≈
#≈≈≈≈≈≈.≈≈≈≈≈≈≈≈≈≈≈≈≈.≈
#≈≈≈≈≈≈≈≈≈≈≈≈≈≈≈≈≈≈≈≈≈≈
#≈≈≈≈≈≈≈†≈≈≈≈.≈≈≈.≈≈≈≈.


You could see a worm.

Vanquished Creatures
  Jessica (D:2)
  5 adders
  A dart slug (D:2)
  9 ball pythons
  4 endoplasms
  6 giant cockroaches
  A goblin (D:1)
  6 hobgoblins
  A jackal (Sewer)
  2 kobolds
  5 quokkas
  3 bats
  A frilled lizard (D:2)
  4 rats (D:2)
49 creatures vanquished.

Vanquished Creatures (others)
  48 foxfires
48 creatures vanquished.

Grand Total: 97 creatures vanquished

Notes
Turn   | Place    | Note
-------+----------+-------------------------------------------
     0 | D:1      | Jaqob the Hill Orc Cinder Acolyte began the quest for the
                  | Orb.
     0 | D:1      | Reached XP level 1. HP: 19/19 MP: 2/2
   563 | D:1      | Reached XP level 2. HP: 27/27 MP: 3/3
   627 | D:1      | Found a faded altar of an unknown god.
  1313 | D:2      | Reached XP level 3. HP: 33/33 MP: 4/4
  1928 | D:2      | Noticed Jessica
  1935 | D:2      | Killed Jessica
  1936 | D:2      | Reached XP level 4. HP: 41/41 MP: 6/6
  2505 | D:3      | Found a glowing drain.
  2542 | Sewer    | Entered a sewer
  2583 | Sewer    | Reached XP level 5. HP: 27/47 MP: 7/7
  2595 | Sewer    | Mangled by a worm

Illustrated notes

Levels and vault maps discovered:
D:1:      dpeg_arrival_orchard, layout_basic, ebering_ecumenical_altar_box
D:2:      kennysheep_big_flooded_room, layout_basic, minmay_pentomino_z2,
          uniq_jessica
D:3:      layout_basic, mainiacjoe_overflow_chevrons,
          gammafunk_temple_overflow_pools, portal_sewer_entry_f, minivault_25,
          corexii_hall_statues_l
Sewer:    sewer_fruit_machine

Skill      XL: |  1  2  3  4 |
---------------+-------------+-----
Fighting       | 4 |  4.6
Polearms       | 4 |  4.2
Fire Magic     | 4 |  4.1
Spellcasting   | |  1.9

Action                   |  1- 3 |  4- 6 || total
-------------------------+-------+-------++-------
Melee: Spear             |   131 |    83 ||   214
       Punch             |     1 |       ||     1
Invok: Foxfire Swarm     |     3 |     1 ||     4
       Fiery Armour      |     1 |       ||     1
  Use: Scroll            |     8 |       ||     8
       Potion            |     2 |       ||     2
Armor: Robe              |    29 |    22 ||    51
Dodge: Dodged            |    57 |    50 ||   107
